[Event "Titled Tuesday Blitz January 31 Late 2023"]
[White "Gurevich, Dmitry"]
[Black "Gubajdullin, Alexei"]
[WhiteFideId "2000407"]
[BlackFideId "4141202"]
[WhiteElo "2393"]
[BlackElo "2285"]
[Result "0-1"]
[Round "08"]
[TimeControl "180+2"]
[Date "2023.01.31"]
[WhiteClock "0:00:47"]
[BlackClock "0:01:55"]

1. d4 Nf6 2. c4 g6 3. Nc3 Bg7 4. e4 d6 5. Nf3 O-O 6. Be2 Na6 7. O-O e5 8. Be3 c6 9. d5 Ng4 10. Bg5 f6 11. Bd2 c5 12. g3 f5 13. Ng5 Nf6 14. Qb1 Nc7 15. f4 h6 16. fxe5 hxg5 17. exf6 Qxf6 18. Be3 Qe7 19. Bd3 f4 20. Bf2 Bh3 21. Re1 Bd4 22. Bxd4 cxd4 23. Nd1 fxg3 24. hxg3 Qe5 25. Kh2 Rf3 26. Rg1 Kg7 0-1


[Site "https://www.chess.com"]

[Event "Titled Tuesday Blitz January 31 Late 2023"]
[White "Vlassov, Nikolai"]
[Black "Jeet, Jain"]
[WhiteFideId "4103360"]
[BlackFideId "5073022"]
[WhiteElo "2283"]
[BlackElo "2199"]
[Result "1-0"]
[Round "08"]
[TimeControl "180+2"]
[Date "2023.01.31"]
[WhiteClock "0:00:12"]
[BlackClock "0:00:01"]

1. e4 c6 2. d4 g6 3. Nc3 d5 4. e5 Bg7 5. Bf4 h5 6. Qd2 Nh6 7. O-O-O Bf5 8. h3 a5 9. Nf3 a4 10. a3 b5 11. Na2 Na6 12. Ne1 Rc8 13. Nd3 Bxd3 14. Bxd3 e6 15. Bg5 Qb6 16. c3 c5 17. Kb1 c4 18. Bc2 Ng8 19. g4 Qc7 20. f4 Kd7 21. f5 gxf5 22. gxf5 Kc6 23. Nc1 Bh6 24. Ne2 Kb6 25. Rhg1 Nb8 26. Nf4 Bxg5 27. Rxg5 Qe7 28. fxe6 fxe6 29. Rg6 Nc6 30. Rxe6 Qf7 31. Nxd5+ Ka5 32. Rd6 Nge7 33. Nb4 Rhg8 34. d5 Nb8 35. Qd4 Nxd5 36. Nxd5 Qb7 37. e6 Nc6 38. Qc5 Rge8 39. Nb4 Nb8 40. Rd7 Rxc5 41. Rxb7 Re5 42. Rd6 R5xe6 43. Rxe6 Rxe6 44. Rxb8 h4 45. Rh8 Rf6 46. Rxh4 Re6 47. Rh5 Rf6 48. h4 Re6 49. Rg5 Rd6 50. h5 Re6 51. Ka2 Re1 52. h6 Rh1 53. h7 Rh2 54. Rg8 Rh3 55. h8=Q 1-0


[Site "https://www.chess.com"]

[Event "Titled Tuesday Blitz January 31 Late 2023"]
[White "Oro, Faustino"]
[Black "Carbone, Diego"]
[WhiteFideId "20000197"]
[BlackFideId "3002179"]
[WhiteElo "2269"]
[BlackElo "2336"]
[Result "1-0"]
[Round "08"]
[TimeControl "180+2"]
[Date "2023.01.31"]
[WhiteClock "0:01:51"]
[BlackClock "0:00:21"]

1. e4 e5 2. Nf3 Nc6 3. Bb5 a6 4. Ba4 Nf6 5. O-O Nxe4 6. d4 Be7 7. Re1 b5 8. Bb3 d5 9. dxe5 Be6 10. c3 O-O 11. Nbd2 Nc5 12. Bc2 d4 13. Nb3 dxc3 14. bxc3 Na4 15. Bd2 Ba3 16. Nfd4 Nxd4 17. Nxd4 Nb2 18. Qh5 g6 19. Qh6 Nc4 20. Bf4 Be7 21. Nc6 Qe8 22. Nxe7+ Qxe7 23. Bg5 f6 24. Bxf6 Qf7 25. Rad1 Rae8 26. f4 Nb6 27. f5 Bxf5 28. Bxf5 gxf5 29. Re3 1-0


[Site "https://www.chess.com"]

[Event "Titled Tuesday Blitz January 31 Late 2023"]
[White "Grycel, Kamil"]
[Black "Chor, Kevin"]
[WhiteFideId "1115499"]
[BlackFideId "2090740"]
[WhiteElo "2315"]
[BlackElo "1944"]
[Result "0-1"]
[Round "08"]
[TimeControl "180+2"]
[Date "2023.01.31"]
[WhiteClock "0:00:08"]
[BlackClock "0:00:02"]

1. d4 Nf6 2. c4 g6 3. Nf3 Bg7 4. g3 O-O 5. Bg2 d6 6. Nc3 Nc6 7. O-O Bf5 8. Re1 Ne4 9. Nh4 Nxc3 10. bxc3 Bd7 11. e3 Na5 12. Qe2 c5 13. Rb1 Rb8 14. Nf3 Qc7 15. Nd2 Bf5 16. e4 Be6 17. d5 Bd7 18. Qd3 a6 19. Nf1 b5 20. cxb5 axb5 21. Bg5 Rfe8 22. h4 e6 23. dxe6 Bxe6 24. Rxb5 Ra8 25. Ne3 Nc6 26. Nd5 Bxd5 27. Qxd5 Bxc3 28. Rd1 Re6 29. Bf1 Ra4 30. Bh3 Re5 31. Qxd6 Qxd6 32. Rxd6 Nd4 33. Kg2 Nxb5 34. Rd8+ Kg7 35. Bf4 Re7 36. Rb8 Nd4 37. Bd6 Rea7 38. Be5+ f6 39. Bd6 Ra8 40. Rb7+ Kh6 41. Bf4+ g5 42. hxg5+ fxg5 43. Rb6+ Kg7 44. Be5+ Kf7 45. Rb7+ Ke8 46. Bg4 R4a7 47. Bh5+ Kd8 48. Bf6+ Kc8 49. Rb1 Ne2 50. Bxe2 Bxf6 51. Bg4+ Kd8 52. Rb5 Bd4 53. Rb6 Rxa2 54. Be6 Re2 55. Kh3 Rxf2 56. Bd5 Rf6 57. Rb7 Ra1 58. Kg4 Rd6 59. Rxh7 Rxd5 60. exd5 c4 61. Kf5 c3 62. Ke6 Bc5 63. Rh2 Re1+ 64. Kf5 Rd1 65. Rc2 Rd3 66. Ke4 Rxg3 67. Ke5 Kd7 68. Ra2 Bd6+ 69. Kd4 g4 70. Ra7+ Bc7 71. d6 Kxd6 72. Ra6+ Kd7 73. Kd5 c2 74. Ra1 Rg2 75. Rg1 Rxg1 0-1


[Site "https://www.chess.com"]

[Event "Titled Tuesday Blitz January 31 Late 2023"]
[White "Golubka, Petro"]
[Black "Hajiyev, Kanan"]
[WhiteFideId "14114224"]
[BlackFideId "13404148"]
[WhiteElo "2371"]
[BlackElo "2197"]
[Result "1-0"]
[Round "08"]
[TimeControl "180+2"]
[Date "2023.01.31"]
[WhiteClock "0:00:52"]
[BlackClock "0:00:08"]

1. e4 c6 2. d4 d5 3. e5 a6 4. c4 Bf5 5. Nc3 e6 6. h4 h5 7. Bg5 Be7 8. Nf3 Nd7 9. Bd3 Bxg5 10. Nxg5 Ne7 11. cxd5 cxd5 12. Ne2 Qa5+ 13. Qd2 Qxd2+ 14. Kxd2 Bxd3 15. Kxd3 Rc8 16. Rac1 Nc6 17. a3 Ke7 18. Nf4 Na5 19. Ngxe6 fxe6 20. Ng6+ Kf7 21. Nxh8+ Rxh8 22. Rc7 Ke7 23. b4 Nc4 24. Rxb7 Nxa3 25. Ra1 Nc4 26. Rxa6 Rf8 27. Raa7 Rd8 28. f3 Ke8 29. g4 g6 30. b5 Ke7 31. Ke2 Ke8 32. Kf2 Ke7 33. Kg3 Ke8 34. Kf4 Ke7 35. Kg5 hxg4 36. fxg4 Ne3 37. b6 Nc2 38. Rc7 Nxd4 39. b7 Nb5 40. b8=Q Rxb8 41. Rxd7+ Ke8 42. Re7+ Kf8 43. Rf7+ Kg8 44. Rg7+ Kf8 45. Raf7+ Ke8 46. Kf6 1-0


[Site "https://www.chess.com"]

[Event "Titled Tuesday Blitz January 31 Late 2023"]
[White "Liu, Eric"]
[Black "Gasparyan, David"]
[WhiteFideId "30960240"]
[BlackFideId "13311980"]
[WhiteElo "2299"]
[BlackElo "2142"]
[Result "0-1"]
[Round "08"]
[TimeControl "180+2"]
[Date "2023.01.31"]
[WhiteClock "0:00:08"]
[BlackClock "0:00:20"]

1. Nf3 Nf6 2. b3 g6 3. Bb2 Bg7 4. g3 O-O 5. Bg2 d6 6. O-O Nc6 7. e3 e5 8. d4 Re8 9. c4 exd4 10. Nxd4 Bd7 11. Nc3 a6 12. Rc1 Qc8 13. Nd5 Ne5 14. Qc2 Bh3 15. Rfd1 Rb8 16. Qe2 Nxd5 17. cxd5 Qd7 18. Rc2 Rbc8 19. Rdc1 h5 20. Qf1 Bxg2 21. Kxg2 h4 22. Kh1 c5 23. dxc6 bxc6 24. Qxa6 hxg3 25. fxg3 c5 26. Ne2 Ra8 27. Qb6 Reb8 28. Qxb8+ Rxb8 29. Nf4 Qc6+ 30. Kg1 Qf3 31. Rc3 Ng4 32. Rf1 Qc6 33. Rc2 Nxe3 34. Bxg7 Kxg7 35. Rcf2 Nxf1 36. Rxf1 d5 37. Rd1 d4 38. h4 Re8 39. h5 Qf3 40. Rd3 Re1+ 0-1


[Site "https://www.chess.com"]

[Event "Titled Tuesday Blitz January 31 Late 2023"]
[White "Bambino Filho, Antonio Carlos"]
[Black "Koellner, Ruben Gideon"]
[WhiteFideId "2113163"]
[BlackFideId "12993093"]
[WhiteElo "2144"]
[BlackElo "2426"]
[Result "0-1"]
[Round "08"]
[TimeControl "180+2"]
[Date "2023.01.31"]
[WhiteClock "0:00:15"]
[BlackClock "0:00:49"]

1. d4 d6 2. e4 Nf6 3. Nc3 e5 4. Nf3 Nbd7 5. Be2 Be7 6. O-O c6 7. a4 h6 8. Re1 Qc7 9. Bf1 Nf8 10. h3 g5 11. Nh2 Ng6 12. d5 cxd5 13. Bb5+ Kf8 14. Nxd5 Nxd5 15. exd5 Kg7 16. Qh5 f5 17. g4 Qxc2 18. Be3 a6 19. Rac1 Qxb2 20. Bd3 e4 21. Rc7 Qf6 22. gxf5 Bxf5 23. Ng4 Bxg4 24. hxg4 exd3 25. Rxe7+ Qxe7 26. Bd4+ Ne5 27. f4 d2 28. Rf1 gxf4 0-1


[Site "https://www.chess.com"]

[Event "Titled Tuesday Blitz January 31 Late 2023"]
[White "Cruz, William Ferreira Da"]
[Black "EREBUNI91"]
[WhiteFideId "2118050"]
[WhiteElo "2216"]
[BlackElo "2685"]
[Result "0-1"]
[Round "08"]
[TimeControl "180+2"]
[Date "2023.01.31"]
[WhiteClock "0:00:39"]
[BlackClock "0:02:44"]

1. d4 Nf6 2. c4 b6 3. Nc3 Bb7 4. Nf3 e6 5. Bg5 Be7 6. Nd2 d5 7. e3 Nbd7 8. cxd5 Nxd5 9. Bxe7 Qxe7 10. e4 Nxc3 11. bxc3 O-O 12. Bd3 c5 13. O-O cxd4 14. cxd4 Nf6 15. Qe2 Rfd8 16. Nf3 Rac8 17. Rfc1 Qa3 18. Rxc8 Rxc8 19. h3 Rc1+ 20. Rxc1 Qxc1+ 21. Kh2 Nxe4 22. g3 Ng5 23. Nxg5 Qh1# 0-1


[Site "https://www.chess.com"]

[Event "Titled Tuesday Blitz January 31 Late 2023"]
[White "Vovk, Orest"]
[Black "Kourkoulos-Arditis, Stamatis"]
[WhiteFideId "14113490"]
[BlackFideId "4221990"]
[WhiteElo "2315"]
[BlackElo "2539"]
[Result "1-0"]
[Round "08"]
[TimeControl "180+2"]
[Date "2023.01.31"]
[WhiteClock "0:00:15"]
[BlackClock "0:00:02"]

1. h3 e5 2. d4 exd4 3. Qxd4 Nc6 4. Qa4 Bc5 5. Nc3 d6 6. Nf3 Bd7 7. Qe4+ Nge7 8. Qh4 Ng6 9. Qxd8+ Rxd8 10. Nd5 Rc8 11. Bd2 Nge7 12. Nxe7 Kxe7 13. e3 Rhe8 14. Bc3 Kf8 15. O-O-O a6 16. Bd3 Kg8 17. Nd4 Ne5 18. Be2 b5 19. Nf3 Nxf3 20. Bxf3 b4 21. Bd4 Bxd4 22. Rxd4 a5 23. Rhd1 Re5 24. Rd5 Rce8 25. Rxe5 Rxe5 26. Rd5 Rxd5 27. Bxd5 c6 28. Be4 f5 29. Bf3 Kf7 30. Kd2 g5 31. c3 c5 32. cxb4 axb4 33. a3 Kf6 34. axb4 cxb4 35. Kd3 g4 36. hxg4 fxg4 37. Be4 h5 38. g3 Ke5 39. Bg6 Bb5+ 40. Kd2 Bd7 41. Bxh5 Bf5 42. Be8 d5 43. Bc6 d4 44. f4+ gxf3 45. Bxf3 Bg6 46. Be2 dxe3+ 47. Kxe3 Be4 48. Bd3 Bd5 49. g4 Be6 50. g5 Bg8 51. g6 Kf6 52. Kd4 b3 53. Bc4 1-0


[Site "https://www.chess.com"]

[Event "Titled Tuesday Blitz January 31 Late 2023"]
[White "Cori T., Deysi"]
[Black "Kovacs, Klara"]
[WhiteFideId "3801934"]
[BlackFideId "733210"]
[WhiteElo "2362"]
[BlackElo "2121"]
[Result "1-0"]
[Round "08"]
[TimeControl "180+2"]
[Date "2023.01.31"]
[WhiteClock "0:02:08"]
[BlackClock "0:01:53"]

1. d4 Nf6 2. Nf3 e6 3. e3 d5 4. Nbd2 Be7 5. c4 O-O 6. Bd3 c5 7. cxd5 Nxd5 8. O-O Nc6 9. dxc5 Ndb4 10. Bb1 Bxc5 11. a3 Na6 12. b4 Qf6 13. Qc2 g6 14. Bb2 e5 15. bxc5 Bf5 16. e4 Bg4 17. h3 Bxf3 18. Nxf3 Rac8 19. Ba2 Nd4 20. Nxd4 exd4 21. Qa4 Rfd8 22. Rac1 Nxc5 23. Qxa7 b6 24. Bd5 Rd7 25. Rxc5 Rxa7 26. Rxc8+ Kg7 27. Rd1 Ra4 28. Rc7 Kh6 29. Rxf7 Qh4 30. Bc1+ g5 31. Rf5 1-0


[Site "https://www.chess.com"]

[Event "Titled Tuesday Blitz January 31 Late 2023"]
[White "Musovic, Armin"]
[Black "Bas Mas, Jose Joaquin"]
[WhiteFideId "939935"]
[BlackFideId "22219064"]
[WhiteElo "2261"]
[BlackElo "2197"]
[Result "1-0"]
[Round "08"]
[TimeControl "180+2"]
[Date "2023.01.31"]
[WhiteClock "0:01:39"]
[BlackClock "0:01:52"]

1. a3 Nf6 2. Nc3 e6 3. e4 d5 4. e5 Nfd7 5. f4 c5 6. Nf3 Nc6 7. g3 Be7 8. Bh3 O-O 9. O-O b6 10. d3 Qc7 11. Bd2 a6 12. Qe2 Nd4 13. Qf2 Nxc2 14. Rac1 Nd4 15. Nxd4 cxd4 16. Nxd5 Qd8 17. Nxe7+ Qxe7 18. Bg2 Ra7 19. Qxd4 Nc5 20. Bb4 Rd8 21. Qe3 Bb7 22. Rxc5 Bxg2 23. Rc8 Rxc8 24. Bxe7 Bxf1 25. Kxf1 Rxe7 26. Qxb6 h5 27. Qxa6 Rc1+ 28. Ke2 Rc2+ 29. Ke3 Rxb2 30. h3 g6 31. g4 hxg4 32. hxg4 Rd7 33. Qc8+ 1-0


[Site "https://www.chess.com"]

[Event "Titled Tuesday Blitz January 31 Late 2023"]
[White "Aldokhin, Ivan"]
[Black "Kim, Sergey"]
[WhiteFideId "24115720"]
[BlackFideId "13700570"]
[WhiteElo "2413"]
[BlackElo "2295"]
[Result "1-0"]
[Round "08"]
[TimeControl "180+2"]
[Date "2023.01.31"]
[WhiteClock "0:00:26"]
[BlackClock "0:00:16"]

1. e4 e5 2. Nf3 Nc6 3. Bb5 a6 4. Ba4 Nf6 5. O-O b5 6. Bb3 Bc5 7. Nxe5 Nxe5 8. d4 Bxd4 9. Qxd4 d6 10. f4 c5 11. Qc3 Ng6 12. e5 Ne4 13. Qe1 d5 14. c4 bxc4 15. Bc2 O-O 16. Nc3 Nxc3 17. bxc3 d4 18. f5 d3 19. Ba4 Nh4 20. f6 Ng6 21. Bg5 Qd5 22. fxg7 Kxg7 23. Bf6+ Kg8 24. Qe3 Bb7 25. Rf2 d2 26. Qh6 1-0


[Site "https://www.chess.com"]

[Event "Titled Tuesday Blitz January 31 Late 2023"]
[White "Martinez Reyes, Pedro Ramon"]
[Black "Kraus, Tomas"]
[WhiteFideId "3901807"]
[BlackFideId "331708"]
[WhiteElo "2376"]
[BlackElo "2473"]
[Result "0-1"]
[Round "08"]
[TimeControl "180+2"]
[Date "2023.01.31"]
[WhiteClock "0:01:04"]
[BlackClock "0:00:04"]

1. e4 c5 2. Nf3 d6 3. d4 cxd4 4. Nxd4 Nf6 5. Nc3 a6 6. Be2 e5 7. Nf3 h6 8. Nd2 Be6 9. Nc4 Qc7 10. Ne3 Nbd7 11. O-O Be7 12. Ncd5 Bxd5 13. Nxd5 Nxd5 14. Qxd5 O-O 15. c3 Qc6 16. Qd3 Nc5 17. Qh3 Nxe4 18. Be3 f5 19. f3 Ng5 20. Qh5 b5 21. Rad1 Rad8 22. f4 exf4 23. Bxf4 Ne4 24. Bxh6 gxh6 25. Qg6+ Kh8 26. Qxh6+ Kg8 27. Qg6+ Kh8 28. Rd3 Qc5+ 29. Kh1 Ng5 30. h4 Rg8 31. Qh6+ Nh7 32. Bf3 Rg7 33. Re1 Rdg8 34. Rde3 Bf6 35. Re8 Be5 36. Qe6 Rxe8 37. Qxe8+ Rg8 38. Qe6 Qf2 39. Rxe5 Qxh4+ 40. Kg1 dxe5 41. Qxe5+ Qf6 42. Qc7 Rf8 43. Kf1 Ng5 44. Bd5 Nh7 45. b3 f4 46. c4 Rd8 47. Ke2 Qb2+ 48. Kf3 Qf6 49. Be4 Ng5+ 50. Kg4 Nxe4 51. c5 Rg8+ 52. Kf3 Ng5+ 53. Ke2 Nh7 54. c6 Re8+ 55. Kf3 Qc3+ 56. Kg4 Qg3+ 57. Kf5 Rf8+ 58. Ke6 Qg6+ 59. Kd5 Qf5+ 60. Kd4 Qf6+ 61. Kc5 Ng5 62. Qd7 Ne6+ 63. Kb4 Nd4 64. c7 Nc6+ 65. Kc5 Ne7 66. Qh3+ Kg8 67. Qg4+ Qg7 68. Qe6+ Qf7 69. Qg4+ Kh7 70. Qh3+ Kg7 71. Qg4+ Qg6 72. Qd7 Qf7 73. Qg4+ Ng6 74. c8=Q Qe7+ 75. Kb6 Rxc8 76. Qxc8 Qd6+ 77. Ka7 Kf6 78. Qxa6 Qxa6+ 79. Kxa6 Nh4 80. Kxb5 Nxg2 81. a4 f3 82. a5 f2 83. a6 f1=Q+ 84. Kb6 Qf2+ 85. Kb7 Qf3+ 86. Kb8 Qxb3+ 87. Ka8 Qd5+ 88. Kb8 Qb5+ 89. Kc7 Qxa6 90. Kd8 Qd6+ 91. Ke8 Qe7# 0-1


[Site "https://www.chess.com"]

[Event "Titled Tuesday Blitz January 31 Late 2023"]
[White "Lucassen, Mickey"]
[Black "Martynov, Pavel"]
[WhiteFideId "12919110"]
[BlackFideId "4101260"]
[WhiteElo "2023"]
[BlackElo "2414"]
[Result "0-1"]
[Round "08"]
[TimeControl "180+2"]
[Date "2023.01.31"]
[WhiteClock "0:00:57"]
[BlackClock "0:01:27"]

1. e4 c5 2. Nf3 e6 3. d4 cxd4 4. Nxd4 Nc6 5. Nc3 Qc7 6. Be3 a6 7. Qd2 Nf6 8. O-O-O Bb4 9. f3 Ne5 10. Kb1 Bxc3 11. Qxc3 Qxc3 12. bxc3 d5 13. exd5 Nxd5 14. Bd2 b5 15. g3 Bb7 16. Be2 Rc8 17. Kb2 Nb6 18. Nb3 Nxf3 19. Na5 Bd5 20. Rhf1 Na4+ 21. Kc1 Nxd2 22. Rxd2 Nxc3 23. Bf3 Nxa2+ 24. Kb2 Nb4 25. c3 Bxf3 26. Rxf3 Nd5 27. Nb3 Ke7 28. Nd4 Rhd8 29. Re2 g6 30. h4 b4 31. c4 Rxc4 0-1


[Site "https://www.chess.com"]

[Event "Titled Tuesday Blitz January 31 Late 2023"]
[White "Shapiro, Viktor"]
[Black "Andreassen, Lars"]
[WhiteFideId "4175700"]
[BlackFideId "1504878"]
[WhiteElo "2192"]
[BlackElo "2168"]
[Result "1/2-1/2"]
[Round "08"]
[TimeControl "180+2"]
[Date "2023.01.31"]
[WhiteClock "0:01:10"]
[BlackClock "0:00:07"]

1. c4 e6 2. g3 d5 3. Bg2 Nf6 4. Nf3 Be7 5. O-O O-O 6. b3 b6 7. Bb2 Bb7 8. d3 dxc4 9. dxc4 Nbd7 10. Nc3 Nc5 11. Qc2 a5 12. Rad1 Qc8 13. Ng5 Bxg2 14. Kxg2 h6 15. Nge4 Qb7 16. f3 Ncxe4 17. Nxe4 Nxe4 18. Qxe4 Qxe4 19. fxe4 Rad8 20. Rd3 f6 21. Rfd1 Kf7 22. g4 Rxd3 23. exd3 e5 24. d4 exd4 25. Rxd4 Ke6 26. Kf3 Rd8 27. Rd5 c6 28. Rxd8 Bxd8 29. h3 Bc7 30. Bd4 c5 31. Bc3 Be5 32. Bd2 Bd6 33. h4 g5 34. h5 Be5 35. Ke2 Bd4 36. Kd3 Ke5 37. Bc1 Ba1 38. a3 Ke6 39. b4 axb4 40. axb4 Bd4 41. Bd2 Ke5 42. bxc5 bxc5 43. Bc1 Ba1 44. Bd2 Bb2 45. Ke3 Bd4+ 46. Kf3 Bb2 47. Be3 Bd4 48. Bd2 Bb2 49. Ke3 Bd4+ 50. Kd3 Ba1 51. Be3 Kd6 52. Bf2 Be5 53. Kc2 Ba1 54. Kb3 Bd4 55. Bg3+ Be5 56. Be1 Bd4 57. Bg3+ Be5 58. Bf2 Bd4 59. Bxd4 cxd4 60. Kb4 Kc6 61. c5 d3 62. Kc3 Kxc5 63. Kxd3 Kc6 64. Kc4 Kd6 65. Kd4 Ke6 66. Kd3 Kd6 67. Ke2 Ke6 68. Kf3 Kd6 69. Ke2 Ke6 70. Kd3 Kd6 71. Kd4 Ke6 72. Kd3 1/2-1/2


[Site "https://www.chess.com"]

[Event "Titled Tuesday Blitz January 31 Late 2023"]
[White "Kouskoutis, Georgios-Alexandros"]
[Black "Gutkin, Ilya"]
[WhiteFideId "4234049"]
[BlackFideId "16203470"]
[WhiteElo "2295"]
[BlackElo "2273"]
[Result "0-1"]
[Round "08"]
[TimeControl "180+2"]
[Date "2023.01.31"]
[WhiteClock "0:00:03"]
[BlackClock "0:00:19"]

1. c4 c5 2. g3 g6 3. Bg2 Bg7 4. Nc3 Nc6 5. e4 d6 6. Nge2 e6 7. O-O Nge7 8. Rb1 O-O 9. a3 b6 10. b4 Bb7 11. d3 Nd4 12. f4 f5 13. Be3 Qd7 14. h3 Nec6 15. Kh2 Rae8 16. Qd2 Nxe2 17. Nxe2 e5 18. exf5 Rxf5 19. Nc3 exf4 20. Bxf4 Nd4 21. Rbe1 Rxe1 22. Qxe1 Be5 23. Bxb7 Qxb7 24. Nd5 Bxf4 25. Ne7+ Kf7 26. Nxf5 gxf5 27. Rxf4 Nf3+ 28. Rxf3 Qxf3 29. Qd2 Kg6 30. h4 h6 31. bxc5 dxc5 32. a4 Kh5 33. d4 Kg4 34. d5 Qxg3+ 35. Kh1 Qxh4+ 36. Kg1 Qg3+ 37. Qg2 Qxg2+ 38. Kxg2 Kg5 39. Kg3 h5 40. Kf3 Kf6 41. Kf4 h4 42. Kf3 Ke5 43. Kg2 f4 44. Kf3 h3 45. Kf2 a6 46. Kf3 b5 47. cxb5 axb5 48. a5 Kxd5 49. a6 Kc6 0-1


[Site "https://www.chess.com"]

[Event "Titled Tuesday Blitz January 31 Late 2023"]
[White "Hernandez Sanchez, Elvis De La Caridad"]
[Black "Paveto, Kevin"]
[WhiteFideId "6400353"]
[BlackFideId "173444"]
[WhiteElo "2243"]
[BlackElo "2427"]
[Result "1-0"]
[Round "08"]
[TimeControl "180+2"]
[Date "2023.01.31"]
[WhiteClock "0:00:29"]
[BlackClock "0:00:19"]

1. e4 e5 2. Nf3 Nc6 3. Bb5 a6 4. Ba4 Nf6 5. O-O b5 6. Bb3 Bb7 7. d3 Be7 8. a3 O-O 9. Nc3 Nd4 10. Nxd4 exd4 11. Ne2 c5 12. Ng3 d5 13. exd5 Nxd5 14. Bd2 Rc8 15. Re1 c4 16. dxc4 bxc4 17. Ba2 Bf6 18. Ne4 Be5 19. Qh5 Nf6 20. Qxe5 Nxe4 21. Rxe4 Bxe4 22. Qxe4 Re8 23. Qf3 Qb6 24. Rb1 Qg6 25. Qd1 Qe4 26. h3 Red8 27. Ba5 Rd5 28. Qe1 Qxc2 29. Rc1 d3 30. Bxc4 d2 31. Rxc2 dxe1=Q+ 32. Bxe1 Rd1 33. Kf1 Re8 34. Re2 Rc8 35. Bxa6 Rb1 36. Bxc8 1-0


[Site "https://www.chess.com"]

[Event "Titled Tuesday Blitz January 31 Late 2023"]
[White "Migot, Tangi"]
[Black "Kleiman, Jake"]
[WhiteFideId "662445"]
[BlackFideId "2020041"]
[WhiteElo "2373"]
[BlackElo "2399"]
[Result "1-0"]
[Round "08"]
[TimeControl "180+2"]
[Date "2023.01.31"]
[WhiteClock "0:00:39"]
[BlackClock "0:00:18"]

1. d4 Nf6 2. Nd2 d5 3. Ngf3 e6 4. c4 Be7 5. g3 b6 6. Bg2 Bb7 7. O-O O-O 8. Ne5 c5 9. dxc5 bxc5 10. b3 a5 11. Bb2 a4 12. cxd5 exd5 13. bxa4 Qa5 14. Ndc4 Qa6 15. Ne3 Rd8 16. Qb3 Nc6 17. Nxd5 Nxd5 18. Bxd5 Nxe5 19. Bxb7 c4 20. Bxa6 cxb3 21. Bb5 Bf6 22. axb3 Nf3+ 23. exf3 Bxb2 24. Rad1 Bd4 25. Kg2 Rd6 26. Rfe1 Kf8 27. Re4 Rad8 28. h4 g6 29. h5 Kg7 30. hxg6 hxg6 31. Bc4 Kf8 32. a5 Ba7 33. Rxd6 Rxd6 34. b4 Rd2 35. Re2 Rxe2 36. Bxe2 Bd4 37. b5 Bc3 38. a6 Bd4 39. f4 f5 40. Bc4 Ke7 41. Kf3 Kf6 42. Ke2 g5 43. fxg5+ Kxg5 44. Kf3 Bc5 45. Be2 Bb6 46. Kg2 f4 47. Kf3 fxg3 48. fxg3 Bc5 49. Ke4 Bf2 50. g4 Kf6 51. Kd5 Ke7 52. Kc6 1-0


[Site "https://www.chess.com"]

[Event "Titled Tuesday Blitz January 31 Late 2023"]
[White "Sztokbant, Bernardo Vainzoff"]
[Black "Pein, Jonathan"]
[WhiteFideId "2115956"]
[BlackFideId "417092"]
[WhiteElo "2213"]
[BlackElo "2265"]
[Result "0-1"]
[Round "08"]
[TimeControl "180+2"]
[Date "2023.01.31"]
[WhiteClock "0:00:03"]
[BlackClock "0:00:15"]

1. e4 g6 2. d4 Bg7 3. Nf3 d6 4. Nc3 a6 5. h3 e6 6. Be3 Ne7 7. Bd3 h6 8. Qd2 Nd7 9. O-O b6 10. Rfe1 Bb7 11. Ne2 Nf6 12. Ng3 c5 13. c3 Qc7 14. Rad1 Rd8 15. Bb1 Nd7 16. Qe2 O-O 17. Nh2 e5 18. d5 c4 19. Qd2 Kh7 20. Ng4 Ng8 21. f4 exf4 22. Bxf4 Ne5 23. Nxe5 Bxe5 24. Bxe5 dxe5 25. Rf1 Kg7 26. Qe2 Nf6 27. Rf3 Bc8 28. Rdf1 Ne8 29. Qf2 Nd6 30. Rf6 Qe7 31. Qxb6 Bf5 32. exf5 Qxf6 33. fxg6 Qg5 34. Kh2 f5 35. Qc7+ Kxg6 36. Qc6 Kg7 37. Qc7+ Rf7 38. Nxf5+ Qxf5 39. Qxd8 Qxf1 40. Qxd6 Qxb1 41. Qxe5+ Kg8 42. Qe8+ Rf8 43. Qe6+ Kg7 44. Qe5+ Kg6 45. Qe6+ Rf6 46. Qg8+ Kf5 47. Qh7+ Rg6 48. Qf7+ Ke5 0-1


[Site "https://www.chess.com"]

[Event "Titled Tuesday Blitz January 31 Late 2023"]
[White "Hirneise, Jens"]
[Black "Haszon, David"]
[WhiteFideId "24614734"]
[BlackFideId "733610"]
[WhiteElo "2277"]
[BlackElo "2264"]
[Result "1-0"]
[Round "08"]
[TimeControl "180+2"]
[Date "2023.01.31"]
[WhiteClock "0:00:13"]
[BlackClock "0:00:14"]

1. Nf3 c5 2. c4 g6 3. d4 cxd4 4. Nxd4 Bg7 5. Nc3 Nc6 6. e3 Nf6 7. Be2 O-O 8. O-O Nxd4 9. Qxd4 d6 10. Qh4 Be6 11. Bd2 Rc8 12. Rac1 Re8 13. b3 a6 14. Bf3 Qd7 15. Nd5 Bxd5 16. cxd5 Qb5 17. Qa4 Qxa4 18. bxa4 Nd7 19. a5 Rc5 20. Bb4 Rcc8 21. Be2 Nf6 22. Bc4 Rc7 23. Bb3 Rec8 24. Rxc7 Rxc7 25. f3 Nd7 26. Rd1 h5 27. Kf1 Be5 28. g3 Kg7 29. Ke2 Rc8 30. Ba4 Nf6 31. Bb3 Nd7 32. f4 Bf6 33. h3 g5 34. Ba4 Nc5 35. Rc1 Rc7 36. Bxc5 dxc5 37. Kd3 Bb2 38. Rc2 Bf6 39. Kc4 gxf4 40. gxf4 Bh4 41. e4 Bg3 42. Rg2 h4 43. e5 Kf8 44. d6 exd6 45. exd6 Rc8 46. d7 Rd8 47. Re2 1-0


[Site "https://www.chess.com"]

[Event "Titled Tuesday Blitz January 31 Late 2023"]
[White "Omelja, Artem"]
[Black "Baches Garcia, Guillermo"]
[WhiteFideId "14119846"]
[BlackFideId "2209764"]
[WhiteElo "2446"]
[BlackElo "2327"]
[Result "1/2-1/2"]
[Round "08"]
[TimeControl "180+2"]
[Date "2023.01.31"]
[WhiteClock "0:00:04"]
[BlackClock "0:00:24"]

1. e4 c5 2. Nf3 d6 3. Bb5+ Bd7 4. Bxd7+ Qxd7 5. O-O Nf6 6. Re1 Nc6 7. c3 e6 8. d3 Be7 9. Bg5 O-O 10. Nbd2 h6 11. Bh4 b5 12. d4 cxd4 13. cxd4 d5 14. e5 Ne8 15. Bxe7 Nxe7 16. Rc1 Rc8 17. Rxc8 Qxc8 18. Nb3 Nc7 19. Qd3 Qa6 20. a3 Qa4 21. Nc5 Qc4 22. Qd2 Nf5 23. Rc1 Qa2 24. Qc2 a5 25. g4 Ne7 26. Nb3 a4 27. Qxc7 Qxb3 28. Qxe7 Qxf3 29. Qc5 Qxg4+ 30. Kf1 Qh3+ 31. Kg1 Qg4+ 32. Kf1 Qh3+ 33. Kg1 Qh4 34. Rc3 Qg5+ 35. Rg3 Qf5 36. Qxb5 Rc8 37. Rc3 Qg4+ 38. Kf1 Qd1+ 39. Kg2 Qg4+ 40. Kf1 Qd1+ 41. Kg2 Qg4+ 42. Kf1 1/2-1/2


[Site "https://www.chess.com"]

[Event "Titled Tuesday Blitz January 31 Late 2023"]
[White "Villarreal, Agustin"]
[Black "Schekachikhin, Maksim"]
[WhiteFideId "125687"]
[BlackFideId "24177830"]
[WhiteElo "2299"]
[BlackElo "2371"]
[Result "0-1"]
[Round "08"]
[TimeControl "180+2"]
[Date "2023.01.31"]
[WhiteClock "0:00:01"]
[BlackClock "0:00:11"]

1. d4 Nf6 2. Nf3 d5 3. c4 e6 4. Nc3 a6 5. cxd5 exd5 6. Bg5 Be6 7. e3 Nbd7 8. Bd3 Bd6 9. O-O c6 10. Bf4 Qb8 11. Bxd6 Qxd6 12. Rb1 O-O 13. b4 Rfe8 14. a4 Bg4 15. h3 Bh5 16. Be2 Bxf3 17. Bxf3 b5 18. a5 Re7 19. Na2 Qc7 20. Rc1 Qb7 21. Rc3 Ne8 22. Qc2 Nb8 23. e4 dxe4 24. Bxe4 g6 25. Nc1 Nd6 26. Bf3 Nc4 27. Nb3 Qd7 28. Nc5 Qc7 29. Rd1 Nd7 30. Nb3 Rae8 31. Qc1 Qd6 32. Nc5 Nxc5 33. dxc5 Qc7 34. g3 h5 35. h4 Ne5 36. Be2 Nd7 37. Bf3 Ne5 38. Be2 Qc8 39. Re3 Qh3 40. Bf1 Qf5 41. Be2 Nd7 42. Rxe7 Rxe7 43. Bd3 Qg4 44. Qg5 Qxd1+ 45. Kg2 Qxd3 46. Qxe7 Qd5+ 47. Kh2 Ne5 48. g4 Nxg4+ 49. Kg1 Qe5 50. Qd8+ Kg7 51. Kf1 Qa1+ 52. Kg2 Qf6 53. Qd2 Qxh4 54. Qd4+ Qf6 0-1


[Site "https://www.chess.com"]